 Seeded DCSS version 0.29.0-11-gd7f09526c8 (webtiles) character file.

Game seed: 17846554989355439303 (custom seed)

65341 NinjaNoafa the Warrior (level 15, -1/141 HPs)
             Began as a Hill Orc Fighter on Sept 3, 2022.
             Was an Initiate of Gozag.
             Slain by an orc knight
             ... wielding a +0 bardiche
              (18 damage)
             ... on level 2 of the Orcish Mines on Sept 4, 2022.
             The game lasted 01:08:03 (20087 turns).

NinjaNoafa the Warrior (Hill Orc Fighter)          Turns: 20087, Time: 01:08:04

Health: -1/141     AC: 26    Str: 33    XL:     15   Next: 16%
Magic:  15/15      EV: 18    Int:  7    God:    Gozag
Gold:   1078       SH: 11    Dex: 16    Spells: 14/14 levels left

rFire   + + +      SeeInvis .   u - +8 morningstar "Jariruor" {vamp, Drain rPois Str+4 Dex+3}
rCold   . . .      Faith    .   B - +0 kite shield
rNeg    . . .      Spirit   .   h - +4 fire dragon scales
rPois   +          Reflect  .   r - +2 helmet
rElec   .          Harm     .   F - scarf {rC+ rF+}
rCorr   .          Rampage  .   x - +2 pair of gloves
Will    +....                   b - +2 pair of boots
Stlth   +.........              (no amulet)
HPRegen 0.33/turn               v - +4 ring of evasion
MPRegen 0.14/turn               C - +4 ring of evasion

@: mighty, grasped by roots, constricted, studying Necromancy
A: thin skeletal structure 1, poison resistance, strong 1
a: Renounce Religion, Convert to Beogh, Potion Petition, Call Merchant, Bribe
Branch


You were on level 2 of the Orcish Mines.
You worshipped Gozag.
Gozag was most pleased with you.
You visited 4 branches of the dungeon, and saw 20 of its levels.
You also visited: Bailey.

You collected 7008 gold pieces.
You spent 2805 gold pieces at shops.
You paid 3125 gold pieces to Gozag.

Inventory:

Hand Weapons
 u - the +8 morningstar "Jariruor" (weapon) {vamp, Drain rPois Str+4 Dex+3}
   (You bought it in a shop on level 2 of the Dungeon)

   It occasionally heals its wielder for a portion of the damage dealt when it
   wounds a living foe.
   Str:       It affects your strength (+4).
   Dex:       It affects your dexterity (+3).
   rPois:     It protects you from poison.
   Drain:     It drains your maximum health when unequipped.
Missiles
 e - 53 poisoned darts
 g - 130 stones
 q - 3 throwing nets
 w - 14 boomerangs
 A - 5 atropa-tipped darts
 E - 2 curare-tipped darts
Armour
 b - a +2 pair of boots (worn)
 h - +4 fire dragon scales (worn)
 r - a +2 helmet (worn)
 x - a +2 pair of gloves (worn)
 B - a +0 kite shield (worn)
 F - a scarf of resistance (worn)
Jewellery
 a - a ring of fire
 k - a ring of positive energy
 n - a ring of poison resistance
 v - a +4 ring of evasion (left hand)
 C - a +4 ring of evasion (right hand)
 G - a ring of ice
 O - a ring of flight
Wands
 l - a wand of paralysis (21)
 y - a wand of flame (24) (quivered)
 z - a wand of iceblast (11)
Scrolls
 c - 7 scrolls of fear
 j - 8 scrolls of fog
 o - 2 scrolls of amnesia
 p - 2 scrolls of magic mapping
 s - 2 scrolls of silence
 H - a scroll of identify
 I - a scroll of blinking
 J - a scroll of immolation
 P - a scroll of poison
 T - 3 scrolls of teleportation
Potions
 d - 5 potions of haste
 f - 4 potions of degeneration
 m - 6 potions of brilliance
 t - 4 potions of attraction
 D - 3 potions of curing
 K - a potion of lignification
 L - a potion of heal wounds
 M - 2 potions of resistance
 N - 7 potions of ambrosia
 S - a potion of might
Miscellaneous
 i - a phial of floods
 Q - a box of beasts (inert)
 R - a condenser vane (inert)


   Skills:
 - Level 15.0 Fighting
 - Level 15.0 Maces & Flails
 + Level 11.6 Armour
 - Level 9.0 Dodging
 * Level 7.3 Shields
 + Level 11.5 Evocations


You had 14 spell levels left.
You didn't know any spells.
Your spell library contained the following spells:

 Spells                   Type           Power      Damage    Failure   Level
 Magic Dart               Conj           0%         1d3       92%         1
 Sandblast                Erth           0%         2d4       92%         1
 Shock                    Conj/Air       0%         1d3       92%         1
 Passwall                 Tmut/Erth      0%         N/A       98%         2
 Poisonous Vapours        Pois/Air       0%         N/A       98%         2
 Searing Ray              Conj           0%         2d4       98%         2
 Static Discharge         Conj/Air       0%         3-3/arc   98%         2
 Gell's Gravitas          Tloc           0%         N/A       100%        3
 Stone Arrow              Conj/Erth      0%         3d7       100%        3
 Swiftness                Air            0%         N/A       100%        3
 Teleport Other           Tloc           0%         N/A       100%        3
 Airstrike                Air            0%         2d(0-16)  100%        4
 Animate Armour           Summ/Erth      0%         N/A       100%        4
 Cause Fear               Hex            0%         N/A       100%        4
 Fulminant Prism          Conj/Hex       0%         3d6       100%        4
 Hailstorm                Conj/Ice       0%         3d3       100%        4
 Ice Form                 Ice/Tmut       0%         N/A       100%        4
 Iskenderun's Mystic Bla  Conj/Tloc      0%         2d3       100%        4
 Lee's Rapid Deconstruct  Erth           0%         3d5*      100%        5
 Lightning Bolt           Conj/Air       0%         1d11      100%        5
 Dispersal                Tloc           0%         N/A       100%        6
 Dragon Form              Tmut           0%         N/A       100%        7
 Lehudib's Crystal Spear  Conj/Erth      0%         10d2      100%        8
 Maxwell's Capacitive Co  Air            0%         ∞         100%        8
 Dragon's Call            Summ           0%         N/A       100%        9
 Corpse Rot               Necr/Pois/Air  Unusable   N/A       N/A         4
 Simulacrum               Ice/Necr       Unusable   N/A       N/A         6

Dungeon Overview and Level Annotations

Branches:
Dungeon (12/15)            Temple (1/1) D:6            Lair (5/5) D:11
  Swamp (0/4) Lair:3       Spider (0/4) Lair:3        Slime (0/5) Lair:5
    Orc (2/2) D:12         Bailey (visited)
    Elf: Orc:2

Altars:
Ashenzari
Cheibriados
Dithmenos
Elyvilon
Fedhas
Gozag
Hepliaklqana
Kikubaaqudgha
Makhleb
Nemelex Xobeh
Okawaru
Qazlal
Ru
Sif Muna
Trog
Uskayaw
Vehumet
Wu Jian
Xom
Yredelemnul
Zin
The Shining One
Beogh
Jiyva

Shops:
D:2 (   D:4 [   Orc:1 [[*   Orc:2 ?*!   Lair:3 *   Lair:5 *(

Annotations:
D:7 exclusion: orange crystal statue
Orc:2 Jorgrun, Snorg


Innate Abilities, Weirdness & Mutations

You have a somewhat thin skeletal structure. (Dex +2, Stealth+)
Your system is resistant to poisons. (rPois)
Your muscles are strong. (Str +4, Int/Dex -1)


Message History

Roots burst forth from the earth!
The grasping roots grab you! The grasping roots constrict you.
The orc sorcerer casts a spell.
Snorg misses you. Snorg completely misses you. Snorg misses you.
You closely miss the orc warrior.
The two-headed ogre is no longer distracted by gold.
Snorg barely misses you. Snorg claws you but does no damage.
You block Snorg's attack. The warg closely misses you.
The orc warrior misses you. The grasping roots constrict you!
The orc priest invokes the aid of Beogh against you.
Beogh smites you!
You puncture Jorgrun!
Jorgrun is lightly wounded.
Snorg bites you but does no damage. Snorg barely misses you.
Snorg claws you but does no damage. You block the warg's attack.
You block the orc warrior's attack.
The orc priest mumbles some strange prayers to Beogh against you.
Beogh smites you!
The ynoxinul gestures.
You block the orc knight's attack. Jorgrun hits you but does no damage.
The grasping roots constrict you. Snorg bites you but does no damage.
Snorg claws you! Snorg misses you. The warg barely misses you.
You open the lid... ...and a mature shockbat beast flies out!
The box is emptied!
Snorg bites you!!
* * * LOW HITPOINT WARNING * * *
Snorg claws you!
* * * LOW HITPOINT WARNING * * *
Snorg barely misses you. You block the orc warrior's attack.
You block the warg's attack.
The orc sorcerer gestures wildly while chanting.
Jorgrun hits you but does no damage. The grasping roots constrict you.
The orc priest mumbles some strange prayers to Beogh against you.
Beogh smites you!
* * * LOW HITPOINT WARNING * * *
The ynoxinul gestures.
The orc knight hits you from afar with a +0 bardiche!!
You die...
Your body crumbles into a pile of gold.

#...# #....#..... #..#
##....##.#.# ####.###
##..o.## #### ##....#.###
##oo...##
##.........####o34....##
#.......)...#.o.355....#
###...........45O35....##
###............oTgoo##......
#.#....###.#...$@...####....
#.....## ####...h.H.# .....
#......####..........# .....
##.......##...#.....## ..
##...........##......
###.......#. ##......
#.......# #....... ##....###
#...... ###.....## .........
#....


You could see Jorgrun, Snorg (berserk, ally target), 3 orc knights, a soul eater
(summoned), a two-headed ogre, 2 rust devils, a smoke demon (summoned), a
ynoxinul, a warg, 2 orc sorcerers, an orc warrior (strong), 2 orc priests, 4
ufetubi and a friendly mature shockbat beast (summoned).

Vanquished Creatures
  2 orc warlords (Orc:1)
  Nessos (Lair:5)
  4 hydras
  Fannar (D:11)
  Erolcha (D:10)
  A catoblepas (Lair:5)
  5 two-headed ogres
  5 death yaks (Lair:5)
  A merfolk avatar (Lair:5)
  4 skeletal warriors (D:11)
  Lodul (D:11)
  A deep troll (Lair:3)
  Pikel (D:5)
  An orc knight (Orc:2)
  3 manticores
  2 oklob plants (D:11)
  An orc sorcerer (Orc:2)
  A cyclops (Orc:1)
  A wolf spider (Lair:3)
  A black mamba (Lair:5)
  An eye of devastation (Lair:5)
  2 torpor snails (Lair:5)
  9 elephants
  11 cane toads
  A gargoyle (D:11)
  Psyche (D:9)
  6 rime drakes
  5 kobold demonologists (D:9)
  13 komodo dragons
  A hellwing (Orc:2)
  A queen bee (Lair:4)
  6 trolls
  3 meliai (Lair:4)
  3 polar bears (Lair:5)
  2 wind drakes (Lair:5)
  3 hornets
  6 blink frogs (Lair:5)
  11 dream sheep (Lair:5)
  A shadow (D:12)
  35 yaks
  4 spriggans (Bailey)
  A ynoxinul (Orc:2)
  Grum (D:9)
  3 basilisks (Lair:5)
  A wraith (D:11)
  Eustachio (D:4)
  2 redbacks (Lair:3)
  3 steam dragons
  A chaos spawn (Orc:2)
  Menkaure (D:6)
  4 wargs (Orc:1)
  Edmund (D:6)
  3 acid dragons
  A floating eye (Lair:5)
  2 black bears
  8 water moccasins
  2 ice beasts
  3 sky beasts
  21 orc warriors
  15 ogres
  4 centaurs
  28 wolves
  2 phantoms (D:12)
  7 kobold brigands
  5 bullfrogs
  2 gnoll sergeants
  A scorpion (D:4)
  A necrophage (D:6)
  4 wights (D:8)
  A troll zombie (D:12)
  25 killer bees
  5 electric eels
  2 howler monkeys
  7 jellies
  13 orc priests
  A gnoll bouda (D:8)
  5 hounds
  Natasha (thrice) (D:2)
  6 iguanas
  15 orc wizards
  2 ogre zombies (D:12)
  15 gnolls
  A river rat (D:5)
  9 adders
  2 shadow imps (D:7)
  2 white imps
  A worm (D:3)
  5 dart slugs
  64 orcs
  2 ball pythons
  6 endoplasms
  7 giant cockroaches
  7 goblins
  3 hobgoblins
  6 jackals (D:2)
  A quokka (D:4)
  4 bats
  2 frilled lizards
  A hobgoblin skeleton (D:12)
  28 kobolds
  An orc skeleton (D:12)
  3 orc zombies (D:12)
  8 rats
554 creatures vanquished.

Vanquished Creatures (collateral kills)
  2 death yaks (Lair:5)
  A manticore (Lair:5)
  A cane toad (Lair:5)
  A polar bear (Lair:5)
  3 dream sheep (Lair:5)
  A yak (Lair:4)
  A steam dragon (Lair:5)
  8 wolves (Lair:5)
18 creatures vanquished.

Vanquished Creatures (others)
  A blink frog (Lair:5)
  An orc (Orc:1)
  A quokka (D:6)
  19 fungi
  42 plants
64 creatures vanquished.

Grand Total: 636 creatures vanquished

Notes
Turn   | Place    | Note
-------+----------+-------------------------------------------
     0 | D:1      | NinjaNoafa the Hill Orc Fighter began the quest for the
                  | Orb.
     0 | D:1      | Reached XP level 1. HP: 19/19 MP: 1/1
   143 | D:1      | Reached XP level 2. HP: 23/26 MP: 2/2
   529 | D:1      | Found a faded altar of an unknown god.
   782 | D:1      | Reached XP level 3. HP: 31/31 MP: 3/3
   876 | D:1      | Gained mutation: You have a pair of small horns on your
                  | head. [potion of mutation]
   876 | D:1      | Gained mutation: You have large cloven feet. [potion of
                  | mutation]
  1071 | D:2      | Found Deodoz's Weapon Emporium.
  1214 | D:2      | Lost mutation: You have a pair of small horns on your head.
                  | [potion of mutation]
  1214 | D:2      | Lost mutation: You have large cloven feet. [potion of
                  | mutation]
  1214 | D:2      | Gained mutation: You are resistant to electric shocks.
                  | (rElec) [potion of mutation]
  1214 | D:2      | Gained mutation: You have large cloven feet. [potion of
                  | mutation]
  1300 | D:2      | Noticed Natasha
  1310 | D:2      | Killed Natasha
  1311 | D:2      | Reached XP level 4. HP: 26/39 MP: 4/4
  1319 | D:2      | Reached skill level 5 in Maces & Flails
  1877 | D:3      | Reached skill level 1 in Dodging
  2127 | D:3      | Reached XP level 5. HP: 26/45 MP: 5/5
  2775 | D:4      | Reached XP level 6. HP: 42/52 MP: 6/6
  2939 | D:4      | Found Dimo's Armour Boutique.
  2986 | D:4      | Bought a +0 kite shield for 54 gold pieces
  2986 | D:4      | Bought a +0 cloak for 54 gold pieces
  3148 | D:4      | Noticed Eustachio
  3174 | D:4      | Killed Eustachio
  3175 | D:4      | Reached skill level 5 in Fighting
  3175 | D:4      | Reached skill level 5 in Armour
  3175 | D:4      | Reached XP level 7. HP: 55/61 MP: 7/7
  3439 | D:5      | Entered Level 5 of the Dungeon
  3681 | D:5      | Found a snail-covered altar of Cheibriados.
  3870 | D:5      | Reached XP level 8. HP: 49/68 MP: 8/8
  3987 | D:5      | Noticed Pikel
  3999 | D:5      | Killed Pikel
  4000 | D:5      | Reached skill level 5 in Dodging
  4000 | D:5      | Reached skill level 5 in Shields
  4645 | D:6      | Noticed Edmund
  4673 | D:6      | Reached XP level 9. HP: 39/74 MP: 9/9
  4683 | D:6      | Killed Edmund
  5035 | D:6      | Found a staircase to the Ecumenical Temple.
  5095 | Temple   | Entered the Ecumenical Temple
  5115 | Temple   | Became a worshipper of Gozag Ym Sagoz the Greedy
  5428 | D:6      | Found a white marble altar of Elyvilon.
  5428 | D:6      | Noticed Menkaure
  5438 | D:6      | Killed Menkaure
  6004 | D:7      | Identified a scroll of acquirement
  6004 | D:7      | Acquired 846 gold pieces
  6727 | D:2      | Noticed Natasha
  6741 | D:2      | Killed Natasha
  6742 | D:2      | Reached XP level 10. HP: 82/86 MP: 10/10
  6831 | D:2      | Noticed Natasha
  6837 | D:2      | Bought the +8 morningstar "Jariruor" {vamp, Drain rPois
                  | Str+4 Dex+3} for 723 gold pieces
  6839 | D:2      | Killed Natasha
  6899 | D:4      | Bought a +2 pair of boots for 198 gold pieces
  7166 | D:7      | Paralysed by a hornet for 2 turns
  7170 | D:7      | Reached skill level 10 in Maces & Flails
  7471 | D:7      | Noticed an orange crystal statue
  7590 | D:8      | Found a flagged portal.
  7735 | Bailey   | Entered a bailey
  7870 | Bailey   | Noticed a two-headed ogre
  7878 | Bailey   | Killed a two-headed ogre
  8490 | D:9      | Noticed Grum
  8503 | D:9      | Reached XP level 11. HP: 95/95 MP: 11/11
  8534 | D:9      | Killed Grum
  8546 | D:9      | Noticed a soul eater
  8906 | D:4      | Bought +1 fire dragon scales for 804 gold pieces
  8998 | D:9      | Noticed Psyche
  9010 | D:9      | Killed Psyche
  9212 | D:9      | Reached skill level 10 in Armour
  9547 | D:10     | Entered Level 10 of the Dungeon
  9897 | D:10     | Found a glowing silver altar of Zin.
  9927 | D:10     | Noticed a two-headed ogre
  9934 | D:10     | Killed a two-headed ogre
 10035 | D:10     | Noticed a two-headed ogre
 10043 | D:10     | Killed a two-headed ogre
 10235 | D:10     | Noticed Erolcha
 10245 | D:10     | Killed Erolcha
 10595 | D:11     | Noticed a four-headed hydra
 10606 | D:11     | Killed a four-headed hydra
 10607 | D:11     | Reached XP level 12. HP: 82/104 MP: 12/12
 10720 | D:11     | Noticed a two-headed ogre
 10721 | D:11     | Noticed Fannar
 10725 | D:11     | Killed a two-headed ogre
 10738 | D:11     | Killed Fannar
 10739 | D:11     | Reached skill level 5 in Evocations
 10838 | D:11     | Noticed Lodul
 10838 | D:11     | Noticed a two-headed ogre
 10887 | D:11     | Killed a two-headed ogre
 10906 | D:11     | Killed Lodul
 11196 | D:11     | Noticed a four-headed hydra
 11203 | D:11     | Killed a four-headed hydra
 11422 | D:11     | Reached skill level 10 in Fighting
 11568 | D:11     | Found a staircase to the Lair.
 11780 | D:11     | HP: 5/110 [skeletal warrior/+0 trident (15)]
 12263 | D:12     | Noticed a boulder beetle
 12344 | Lair:1   | Entered Level 1 of the Lair of Beasts
 12425 | Lair:1   | Reached XP level 13. HP: 117/119 MP: 13/13
 13791 | Lair:3   | Bought a notched diamond ring for 130 gold pieces
 13791 | Lair:3   | Bought a scroll of poison for 104 gold pieces
 14525 | Lair:3   | Found a hole to the Spider Nest.
 14651 | Lair:3   | Found a staircase to the Swamp.
 14982 | Lair:4   | Reached skill level 15 in Fighting
 16076 | Lair:5   | Entered Level 5 of the Lair of Beasts
 16261 | Lair:5   | Reached XP level 14. HP: 91/135 MP: 14/14
 16335 | Lair:5   | Found a viscous altar of Jiyva.
 16420 | Lair:5   | Noticed Nessos
 16427 | Lair:5   | Lost mutation: You are resistant to electric shocks.
                  | (rElec) [potion of mutation]
 16427 | Lair:5   | Lost mutation: You have large cloven feet. [potion of
                  | mutation]
 16427 | Lair:5   | Gained mutation: Your natural rate of healing is unusually
                  | fast. [potion of mutation]
 16427 | Lair:5   | Gained mutation: Your mind is acute. (Int +4, Str/Dex -1)
                  | [potion of mutation]
 16428 | Lair:5   | Lost mutation: Your natural rate of healing is unusually
                  | fast. [potion of mutation]
 16428 | Lair:5   | Lost mutation: Your mind is acute. (Int +4, Str/Dex -1)
                  | [potion of mutation]
 16428 | Lair:5   | Gained mutation: You are frail. (-10% HP) [potion of
                  | mutation]
 16428 | Lair:5   | Gained mutation: You are resistant to electric shocks.
                  | (rElec) [potion of mutation]
 16429 | Lair:5   | Lost mutation: You are frail. (-10% HP) [potion of
                  | mutation]
 16429 | Lair:5   | Lost mutation: You are resistant to electric shocks.
                  | (rElec) [potion of mutation]
 16429 | Lair:5   | Gained mutation: Your muscles are strong. (Str +4, Int/Dex
                  | -1) [potion of mutation]
 16429 | Lair:5   | Gained mutation: Your system is resistant to poisons.
                  | (rPois) [potion of mutation]
 16429 | Lair:5   | Gained mutation: You have a somewhat thin skeletal
                  | structure. (Dex +2, Stealth+) [potion of mutation]
 16465 | Lair:5   | Reached skill level 10 in Evocations
 16473 | Lair:5   | Killed Nessos
 16562 | Lair:5   | Identified the +3 trident "Toonis" {speed, rF+++ Will- SInv
                  | Stlth+}
 16571 | Lair:5   | Identified the +8 quarterstaff of Due Proportion {vorpal,
                  | *Noise rElec rF+ Stlth+}
 16797 | Lair:5   | Found a staircase to the Slime Pits.
 17410 | Lair:5   | Reached skill level 15 in Maces & Flails
 17537 | Lair:5   | Bought 5 atropa-tipped darts for 48 gold pieces
 17537 | Lair:5   | Bought a scroll of teleportation for 48 gold pieces
 18612 | D:12     | Found a staircase to the Orcish Mines.
 18661 | Orc:1    | Entered Level 1 of the Orcish Mines
 18661 | Orc:1    | Found Qyab's General Store.
 18667 | Orc:1    | Bought a wand of iceblast (4) for 144 gold pieces
 18667 | Orc:1    | Bought a potion of resistance for 150 gold pieces
 18712 | Orc:1    | Found a roughly hewn altar of Beogh.
 18766 | Orc:1    | Noticed an orc warlord
 18803 | Orc:1    | Killed an orc warlord
 18895 | Orc:1    | Noticed an orc warlord
 18908 | Orc:1    | Killed an orc warlord
 18909 | Orc:1    | Reached XP level 15. HP: 134/141 MP: 15/15
 19190 | Orc:1    | Found Vebal's Armour Emporium.
 19469 | Orc:2    | Entered Level 2 of the Orcish Mines
 19561 | Orc:2    | Found Nuponym's Magic Scroll Emporium.
 19566 | Orc:2    | Bought a scroll of fear for 64 gold pieces
 19566 | Orc:2    | Bought a scroll of enchant armour for 120 gold pieces
 19566 | Orc:2    | Bought a scroll of teleportation for 48 gold pieces
 19596 | Orc:2    | Found Fuhog's General Store.
 19611 | Orc:2    | Found Qemodec's Distillery.
 19785 | Orc:2    | Bought a potion of might for 56 gold pieces
 19787 | Orc:2    | Bought a potion of might for 60 gold pieces
 19857 | Orc:2    | Noticed Jorgrun
 19857 | Orc:2    | Noticed Snorg
 20087 | Orc:2    | Slain by an orc knight

Illustrated notes

Levels and vault maps discovered:
D:1:      ncdulo_lavacross, layout_basic,
          dreamdust_ecumenical_altar_hidden_monk_grotto
D:2:      layout_rooms, serial_shops, nicolae_shop_bloodbath_and_beyond,
          chequers_serial_rivers_small_b, chequers_serial_rivers_micro_e,
          uniq_natasha
D:3:      layout_basic
D:4:      layout_rooms, serial_shops, shop, corexii_checkpoint_a, uniq_eustachio
D:5:      layout_rooms, kennysheep_slug_shrine, portal_sewer_entry_a, uniq_pikel
D:6:      layout_rooms, elyvilon_altar_4, temple_pool_b, chequers_arboretum,
          nicolae_zen_rock_garden, uniq_edmund, uniq_menkaure
D:7:      statuecave_lemuel, layout_gridville, minmay_manual_monstrance
D:8:      layout_basic, enter_bailey_2
D:9:      layout_loops_ring, uniq_psyche, uniq_grum
D:10:     layout_basic, zin_statuary, uniq_erolcha
D:11:     layout_loops_corners, dpeg_oklobed_lair, nicolae_two_hexagons,
          uniq_lodul, uniq_fannar
D:12:     layout_irregular_city, zombieorc1_lemuel, minmay_crystal_room,
          chequers_serial_rivers_small_3
Temple:   nicolae_temple_bog_church
Lair:1:   layout_big_grid
Lair:2:   layout_roguey, minivault_27, st_stairs_9
Lair:3:   dreamdust_cave_troll, layout_loops_ring, swamp_mist,
          spider_nest_entry_funnel_web, grunt_megastairs_5, lemuel_fruit_tree
Lair:4:   layout_roguey [special_room_bee], infiniplex_staircase_pool
Lair:5:   gammafunk_lair_ancient_temple, layout_cave_pods,
          minmay_slime_entry_eyes, grunt_forest_large_clearings, uniq_nessos
Orc:1:    layout_diamond_mine, serial_shops, shop, shop, nicolae_orc_bridge_out,
          mines1_david
Orc:2:    pf_orc_diabolical, layout_diamond_mine, serial_shops, shop,
          gammafunk_ghost_necromancy, nicolae_orc_stony_grotto, mines2_david,
          uniq_snorg, uniq_jorgrun

Skill      XL: |  1  2  3  4  5  6  7  8  9 10 11 12 13 14 15 |
---------------+----------------------------------------------+-----
Maces & Flails | 3 4 5 7 9 11 12 15 | 15.0
Dodging        | 1 3 6 7 8 9 |  9.0
Fighting       | 5 7 8 9 12 15 | 15.0
Armour         | 5 7 8 11 | 11.6
Shields        | 4 5 6 7 |  7.3
Evocations     | 3 7 9 11 | 11.5

Action                   |  1- 3 |  4- 6 |  7- 9 | 10-12 | 13-15 || total
-------------------------+-------+-------+-------+-------+-------++-------
Melee: Flail             |    57 |       |   142 |     1 |       ||   200
       Whip              |    27 |   133 |   177 |       |       ||   337
       Kick              |    10 |    37 |    61 |       |       ||   108
       Headbutt          |     3 |       |       |       |       ||     3
       Mace              |     1 |       |       |       |       ||     1
       Unarmed           |     1 |       |       |       |       ||     1
       Morningstar       |       |       |       |   520 |   840 ||  1360
Throw: Boomerang         |       |       |       |       |     7 ||     7
Invok: Call Merchant     |       |       |       |       |     4 ||     4
Evoke: Wand              |       |       |     2 |     8 |    41 ||    51
       Phial of floods   |       |       |       |     1 |     2 ||     3
       Box of beasts     |       |       |       |       |     4 ||     4
       Condenser vane    |       |       |       |       |     4 ||     4
  Use: Potion            |     4 |     2 |    11 |     6 |     9 ||    32
       Scroll            |       |       |    15 |    10 |     5 ||    30
 Stab: Paralysed         |       |       |     6 |       |       ||     6
       Invisible         |       |       |     4 |       |       ||     4
       Distracted        |       |       |       |     2 |     3 ||     5
Armor: Scale mail        |    33 |    62 |       |       |       ||    95
       Leather armour    |       |     7 |   105 |    49 |       ||   161
       Skin              |       |       |    35 |       |       ||    35
       Fire dragon scale |       |       |       |   111 |   398 ||   509
Dodge: Dodged            |    38 |    86 |   196 |   477 |   898 ||  1695
Block: Buckler           |    19 |    27 |       |       |       ||    46
       Kite shield       |       |    13 |   168 |   255 |   553 ||   989
